 Dungeon Crawl Stone Soup version 0.22.0 (webtiles) character file.

203 MTVSty1e the Chopper (level 5, -1/34 HPs)
             Began as a Gargoyle Monk on Aug 11, 2018.
             Slain by an iguana (9 damage)
             ... on level 4 of the Dungeon.
             The game lasted 00:03:44 (3014 turns).

MTVSty1e the Chopper (Gargoyle Monk)                Turns: 3014, Time: 00:03:45

Health: -1/34      AC: 13    Str: 15    XL:     5   Next: 81%
Magic:  5/5        EV:  7    Int: 11    God:
Gold:   168        SH:  0    Dex: 12    Spells: 4/4 levels left

rFire    + . .     SeeInvis .   a - +0 hand axe
rCold    . . .     Gourm    .   (no shield)
rNeg     + . .     Faith    .   b - +0 chain mail
rPois    ∞         Spirit   .   q - +1 hat
rElec    +         Reflect  .   (no cloak)
rCorr    .         Harm     .   (no gloves)
MR       .....                  (no boots)
Stlth    ..........             (no amulet)
HPRegen  0.11/turn              r - ring of protection from fire
MPRegen  0.09/turn              (no ring)

@: no status effects
A: negative energy resistance 1, electricity resistance, unbreathing,
petrification resistance, rot immunity, AC +4
a: no special abilities


You were on level 4 of the Dungeon.
You were not hungry.

You visited 1 branch of the dungeon, and saw 4 of its levels.

You collected 168 gold pieces.

Inventory:

Hand Weapons
 a - a +0 hand axe (weapon)
Armour
 b - a +0 chain mail (worn)
 q - a +1 hat (worn)
Jewellery
 r - a ring of protection from fire (left hand)
Wands
 e - a wand of digging (11)
 s - a wand of iceblast (10)
Scrolls
 f - 4 scrolls of remove curse {unknown}
 g - a scroll of amnesia {unknown}
 h - a scroll of immolation {unknown}
 i - a scroll of enchant armour {unknown}
 j - 2 scrolls of teleportation {unknown}
 k - a scroll of enchant weapon {unknown}
 l - 2 scrolls of fear {unknown}
 m - 4 scrolls of identify {unknown}
 o - a scroll of random uselessness {unknown}
Potions
 d - 2 potions of heal wounds {unknown}
 n - a potion of lignification {unknown}
 p - a potion of resistance {unknown}
Comestibles
 c - 9 rations


   Skills:
 + Level 4.8 Fighting
 * Level 4.9 Axes
 - Level 2.4 Dodging
 - Level 2.1 Stealth


You had 4 spell levels left.
You didn't know any spells.
Your spell library was empty.

Dungeon Overview and Level Annotations

Branches:
Dungeon (4/15)
 Temple: D:4-7

Altars:
Ashenzari
Fedhas
Ru
Vehumet
Wu Jian


Innate Abilities, Weirdness & Mutations

You are resistant to torment.
Your stone body is resilient. (AC +4)
You are immune to poison.
You resist negative energy. (rN+)
You are resistant to electric shocks. (rElec)
You can survive without breathing.
You are immune to petrification.
You are immune to rotting.


Message History

The iguana is moderately wounded.
The iguana barely misses you.
You hit the iguana.
The iguana is severely wounded.
The iguana barely misses you.
You barely miss the iguana.
The iguana is severely wounded.
The iguana barely misses you.
You hit the iguana.
The iguana is almost dead.
The iguana bites you but does no damage.
You closely miss the iguana.
The iguana is almost dead.
The iguana bites you but does no damage.
The iguana bites you.
* * * LOW HITPOINT WARNING * * *
You hit the iguana but do no damage.
The iguana is almost dead.
The iguana bites you!
You die...

#.##.###z#.###.##.#
###.....
#.##.###.#........#
####.# ##
#.##..##z#####..... #.#
.. #.###.##z# ##...####
#.# #.
#........###.....## #.#
#. ####..#####.......##
#.#
#.####...####.........#
#.#
..z.).......+..l......+
#.#
#.####...####...@.....#
#.# #. ##..#
##.......## .z ##.#
##.....## ## #.#
##<..## ... ##+## #.##


You could see an iguana.

Vanquished Creatures
  A wight (D:4)
  The ghost of letownia2 the Insei, a weakling DsTm (D:3)
  6 adders
  A dart slug (D:3)
  7 leopard geckos
  2 orcs (D:3)
  3 giant cockroaches
  5 goblins
  3 hobgoblins (D:1)
  3 jackals (D:1)
  11 kobolds
  A quokka (D:2)
  5 bats
  7 frilled lizards
  13 rats
69 creatures vanquished.

Notes
Turn   | Place    | Note
-------+----------+-------------------------------------------
     0 | D:1      | MTVSty1e the Gargoyle Monk began the quest for the Orb.
     0 | D:1      | Reached XP level 1. HP: 14/14 MP: 1/1
    16 | D:1      | Reached XP level 2. HP: 19/19 MP: 2/2
    45 | D:1      | You fall through a shaft!
   209 | D:1      | Reached XP level 3. HP: 16/24 MP: 3/3
  1266 | D:2      | Reached XP level 4. HP: 28/29 MP: 4/4
  1686 | D:3      | Found an ornate altar of the Wu Jian Council.
  1993 | D:3      | Reached XP level 5. HP: 29/34 MP: 5/5
  2242 | D:3      | Found a faded altar of an unknown god.
  2242 | D:3      | Found a sacrificial altar of Ru.
  2247 | D:3      | Found a radiant altar of Vehumet.
  2249 | D:3      | Found a shattered altar of Ashenzari.
  2250 | D:3      | Found a blossoming altar of Fedhas.
  2282 | D:3      | Found a runed door.
  2288 | D:3      | Noticed letownia2's ghost (weakling DsTm)
  2371 | D:3      | Killed letownia2's ghost
  3014 | D:4      | Slain by an iguana

Skill      XL: |  1  2  3  4 |
---------------+-------------+-----
Axes           | 3 4 |  4.9
Fighting       | 4 |  4.8
Dodging        | |  2.4
Stealth        | |  2.1

Action                   |  1- 3 |  4- 6 || total
-------------------------+-------+-------++-------
Melee: Hand axe          |   113 |   185 ||   298
 Stab: Sleeping          |     3 |     2 ||     5
  Eat: Chunk             |     1 |     3 ||     4
       Ration            |       |     1 ||     1
Armor: Robe              |    28 |       ||    28
       Chain mail        |       |    90 ||    90
       Leather armour    |       |    19 ||    19
Dodge: Dodged            |    74 |    98 ||   172
